 Dungeon Crawl Stone Soup version 0.14-a0-2124-ga163777 (webtiles) character file.

303 Kae the Sneak (level 5, 0/24 HPs)
             Began as a Spriggan Enchanter on Jan 27, 2014.
             Slain by Grinder (9 damage)
             ... on Level 3 of the Dungeon.
             The game lasted 00:05:05 (2376 turns).

Kae the Sneak (Spriggan Enchanter)                  Turns: 2376, Time: 00:05:05

HP   0/24        AC  9     Str  5      XL: 5   Next: 20%
MP  10/16        EV 18     Int 17      God:
Gold 140         SH  0     Dex 16      Spells:  3 memorised,  5 levels left

rFire  . . .     SeeInvis +     o - +5,+0 dagger (protect)
rCold  . . .     Clarity  .     b - +2 robe
rNeg   . . .     Conserve .     (shield restricted)
rPois  .         rCorr    .     (helmet restricted)
rElec  .         rRot     .     (no cloak)
SustAb . .       Spirit   .     (gloves unavailable)
rMut   .         Warding  .     (boots unavailable)
Saprov . . .     Stasis   .     (no amulet)
MR     .....                    (no ring)
                                q - ring of flight

@: very quick, not resistant to hostile enchantments, quite stealthy
A: unfitting armour, see invisible, herbivore 3, speed 3, slow metabolism 2
a: Evoke Flight


You were on level 3 of the Dungeon.
You were very hungry.

You visited 1 branch of the dungeon, and saw 3 of its levels.

You collected 140 gold pieces.

Inventory:

Hand weapons
 a - a +1,+1 dagger
 o - a +5,+0 dagger of protection (weapon)
Missiles
 d - 12 darts (quivered)
Armour
 b - a +2 robe (worn)
Comestibles
 j - a bread ration
 m - a choko
Scrolls
 g - 6 scrolls of identify
 h - 6 scrolls of remove curse {unknown}
 n - a scroll of recharging
 r - a scroll of blinking
Jewellery
 q - a ring of flight (left hand)
Potions
 e - a potion of porridge
 i - a potion of curing
 k - a potion of lignification
 p - a potion of restore abilities {unknown}
Books
 c - a book of Maledictions

   Spells                             Type                      Level
   *Corona                            Hexes                        1
   Sure Blade                         Hexes/Charms                 2
   *Ensorcelled Hibernation           Hexes/Ice                    2
   *Confuse                           Hexes                        3
   Enslavement                        Hexes                        4
   Invisibility                       Hexes                        6


   Skills:
 * Level 3.3 Short Blades
 - Level 1.1 Throwing
 - Level 3.0 Dodging
 * Level 5.3 Stealth
 + Level 3.6 Spellcasting
 + Level 4.4 Hexes


You had 5 spell levels left.
You knew the following spells:

 Your Spells              Type           Power        Failure   Level  Hunger
a - Corona                Hex            ###....      2%          1    None
b - Ensorcelled Hibernat  Hex/Ice        ##....       12%         2    ##.....
c - Confuse               Hex            ###.....     10%         3    ###....


Dungeon Overview and Level Annotations

Branches:
Dungeon (3/16)

Altars:
Nemelex Xobeh

Annotations:
D:3 Grinder


Innate Abilities, Weirdness & Mutations

You are tiny and cannot use many weapons and most armour.
You have supernaturally acute eyesight.
You are a herbivore.
You cover ground extremely quickly.
You need consume almost no food.


Message History

You are too injured to fight recklessly!
You are too injured to fight recklessly!
Casting: Confuse
Confirm with . or Enter, or press ? or * to list all spells.
Aiming: Confuse
Press: ? - help, Shift-Dir - straight line, f/p - Grinder
Aim: Grinder (heavily wounded) Grinder appears confused.
You are feeling very hungry.
You hit Grinder but do no damage.
Grinder is heavily wounded.
You hit Grinder but do no damage.
Grinder is heavily wounded.
You catch the helpless Grinder completely off-guard!
You slash Grinder!
Grinder is almost dead.
You hit Grinder.
Grinder is almost dead.
Grinder hits you!
You die...

........................
##########........##....
###### ##........# .##
................<%# #
..................#
...........####..##
#.###.####.# #..# #.# #.#
#.# #5.#
#.###.####.####.@#######.
........................#
#.###.####..........###.#
#.# #.# #.....(....#
#.###.####..........#
........"..?..........
).%...####....>.....#..
.)....# #.####..#.##.
....[.# #.# #..#.#


You could see Grinder (confused).

Vanquished Creatures
  A scorpion (D:2)
  Ijyb (D:2)
  Jessica (D:2)
  Terence (D:2)
  An adder (D:3)
  2 worms (D:2)
  5 giant geckos
  7 orcs (D:3)
  6 hobgoblins
  9 jackals
  A quokka (D:3)
  A ball python (D:2)
  2 bats (D:2)
  2 giant cockroaches
  2 giant newts (D:1)
  5 goblins
  3 kobolds (D:1)
  7 rats
57 creatures vanquished.

Notes
Turn   | Place    | Note
--------------------------------------------------------------
     0 | D:1      | Kae, the Spriggan Enchanter, began the quest for the Orb.
     0 | D:1      | Reached XP level 1. HP: 9/9 MP: 4/4
   289 | D:1      | Reached XP level 2. HP: 13/13 MP: 1/8
   293 | D:1      | Learned a level 2 spell: Ensorcelled Hibernation
   920 | D:2      | Reached skill level 4 in Stealth
   932 | D:2      | Reached XP level 3. HP: 1/16 MP: 0/11
  1153 | D:2      | Noticed Ijyb
  1165 | D:2      | Killed Ijyb
  1209 | D:2      | Noticed Terence
  1245 | D:2      | Killed Terence
  1245 | D:2      | Reached XP level 4. HP: 13/21 MP: 8/13
  1707 | D:2      | Noticed Jessica
  1708 | D:2      | Found a sparkling altar of Nemelex Xobeh.
  1713 | D:2      | Killed Jessica
  1809 | D:3      | Reached skill level 5 in Stealth
  2163 | D:3      | Reached XP level 5. HP: 11/24 MP: 11/16
  2324 | D:3      | Noticed Grinder
  2355 | D:2      | Learned a level 3 spell: Confuse
  2376 | D:3      | Slain by Grinder

Action                   |  1- 3 |  4- 6 || total
-------------------------+-------+-------++-------
Melee: Dagger            |   100 |   136 ||   236
 Cast: Corona            |     7 |       ||     7
       Ensorcelled Hiber |    11 |    18 ||    29
       Confuse           |       |     2 ||     2
  Use: Scroll            |       |     8 ||     8
 Stab: Sleeping          |     9 |    14 ||    23
       Confused          |       |     2 ||     2
